 Dungeon Crawl Stone Soup version bcrawl-1.19-7-g22fd707d3b (webtiles) character file.

Game seed: 7770432971387570507

114 Freyura the Skirmisher (level 4, 0/42 HPs)
             Began as a Hill Orc Gladiator on Nov 18, 2019.
             Slain by an orc
             ... wielding a +2 vampiric trident
              (1 damage)
             ... on level 3 of the Dungeon.
             The game lasted 00:03:40 (1609 turns).

Freyura the Skirmisher (Hill Orc Gladiator)         Turns: 1609, Time: 00:03:41

Health: 0/42       AC:  4    Str: 16    XL:     4   Next: 98%
Magic:  4/4        EV: 12    Int:  8    God:
Gold:   140        SH:  0    Dex: 13    Spells: 3/3 levels left

rFire    . . .     SeeInvis .   a - +0 quarterstaff
rCold    + . .     Gourm    .   (shield currently unavailable)
rNeg     . . .     Faith    .   b - +0 leather armour
rPois    .         Spirit   .   c - +0 helmet
rElec    .         Reflect  .   (no cloak)
rCorr    .         Harm     .   (no gloves)
MR       .....                  (no boots)
Stlth    +.........             (no amulet)
HPRegen  0.14/turn              k - ring of protection from cold
MPRegen  0.09/turn              (no ring)

@: no status effects
A: no striking features
a: no special abilities


You were on level 3 of the Dungeon.
You were not hungry.

You visited 1 branch of the dungeon, and saw 3 of its levels.

You collected 140 gold pieces.

Inventory:

Hand Weapons
 a - a +0 quarterstaff (weapon)
Missiles
 d - 3 throwing nets (quivered) {!f}
Armour
 b - a +0 leather armour (worn)
 c - a +0 helmet (worn)
Jewellery
 k - a ring of protection from cold (left hand)
Wands
 n - a wand of iceblast (8)
Scrolls
 e - 2 scrolls of remove curse {unknown}
 g - 2 scrolls of magic mapping {unknown}
 h - 2 scrolls of immolation {unknown}
 l - 2 scrolls of amnesia {unknown}
 m - 3 scrolls of enchant weapon {unknown}
 o - a scroll of teleportation {unknown}
Potions
 i - a potion of might {unknown}
 j - a potion of curing {unknown}
Comestibles
 f - 3 rations {!d}


   Skills:
 * Level 5.2 Fighting
   Level 5.2 Short Blades
   Level 5.2 Long Blades
   Level 5.2 Axes
   Level 5.2 Maces & Flails
   Level 5.2 Polearms
   Level 5.2 Staves
 - Level 2.0 Throwing
 + Level 2.5 Armour
 - Level 2.4 Dodging
   Level 5.2 Unarmed Combat


You had 3 spell levels left.
You didn't know any spells.
Your spell library contained the following spells:

 Spells                   Type           Power        Failure   Level  Hunger
 Beastly Appendage        Tmut           #.....       45%         1    ##.....
 Sticks to Snakes         Tmut           #.......     61%         2    ###....
 Spider Form              Tmut/Pois      #..          83%         3    ####...
 Ice Form                 Ice/Tmut       #.......     99%         4    #####..
 Blade Hands              Tmut           #.........   100%        5    ######.


Dungeon Overview and Level Annotations

Branches:
Dungeon (3/12)

Altars:


Message History

The orc hits you with a +0 war axe!
You see here a ration {!d}.
You barely miss the orc. The orc hits you with a +0 war axe.
* * * LOW HITPOINT WARNING * * *
You sock the orc!
You kill the orc!
The orc hits you from afar with a +2 vampiric trident.
* * * LOW HITPOINT WARNING * * *
You hit the orc but do no damage.
The orc is lightly wounded.
The orc misses you. The orc hits you with a +0 mace.
* * * LOW HITPOINT WARNING * * *
You closely miss the orc.
The orc is lightly wounded.
The orc barely misses you. The orc hits you with a +0 mace.
* * * LOW HITPOINT WARNING * * *
You hit the orc.
The orc is moderately wounded.
The orc hits you from afar with a +2 vampiric trident.
You die...

#.. #.# #.#########
#.... #.#........ #....
####.#<#..... ###....
+............. .......
#........##### .......
#.##.####### .......
#@##†.......
......)#####o##........
#>.o..oo......(...
#..†.....##........
#........##.#######
#........##.#
#####.##.##.# ..^...#..
...#####


You could see 3 orcs.

Vanquished Creatures
  A crimson imp (D:2)
  2 adders
  2 worms
  3 dart slugs (D:1)
  2 leopard geckos
  3 orcs
  7 bats
  A giant cockroach (D:2)
  8 goblins
  3 hobgoblins
  2 jackals (D:2)
  A frilled lizard (D:2)
  6 kobolds
  3 rats
44 creatures vanquished.

Notes
Turn   | Place    | Note
-------+----------+-------------------------------------------
     0 | D:1      | Freyura the Hill Orc Gladiator began the quest for the Orb.
     0 | D:1      | Reached XP level 1. HP: 20/20 MP: 1/1
   157 | D:1      | Reached XP level 2. HP: 22/27 MP: 2/2
   205 | D:1      | Reached skill level 1 in Armour
   461 | D:1      | Reached XP level 3. HP: 31/34 MP: 3/3
   914 | D:2      | Reached XP level 4. HP: 41/41 MP: 4/4
   946 | D:2      | Reached skill level 5 in Fighting
  1608 | D:3      | HP: 1/42 [orc/+0 mace (4)]
  1609 | D:3      | Slain by an orc

Skill      XL: |  1  2  3  4 |
---------------+-------------+-----
Armour         | 1 2 |  2.5
Fighting       | 5 |  5.2
Short Blades   | |  5.2
Long Blades    | |  5.2
Axes           | |  5.2
Maces & Flails | |  5.2
Polearms       | |  5.2
Staves         | |  5.2
Throwing       | |  2.0
Dodging        | |  2.4
Unarmed Combat | |  5.2

Action                   |  1- 3 |  4- 6 || total
-------------------------+-------+-------++-------
Melee: Quarterstaff      |    64 |    77 ||   141
 Stab: Sleeping          |     1 |       ||     1
  Eat: Chunk             |       |     2 ||     2
Armor: Leather armour    |    24 |    18 ||    42
Dodge: Dodged            |    46 |    54 ||   100
